 Dungeon Crawl Stone Soup version 0.27-a0-1548-gf8a67e7463 (webtiles) character file.

Game seed: 17857039872099750804

428 Gwenloh the Ruffian (level 6, -6/59 HPs)
             Began as a Troll Monk on July 13, 2021.
             Mangled by Joseph (10 damage)
             ... on level 7 of the Dungeon.
             The game lasted 00:07:50 (3461 turns).

Gwenloh the Ruffian (Troll Monk)                    Turns: 3461, Time: 00:07:50

Health: -6/59      AC:  4    Str: 20    XL:     6   Next: 65%
Magic:  5/5        EV: 14    Int:  6    God:
Gold:   154        SH:  0    Dex: 14    Spells: 5/5 levels left

rFire    . . .     SeeInvis .     - Unarmed
rCold    . . .     Faith    .   (no shield)
rNeg     . . .     Spirit   .   a - +0 robe
rPois    .         Reflect  .   (helmet restricted)
rElec    .         Harm     .   i - scarf {+Inv}
rCorr    .         Rampage  .   (gloves unavailable)
Will     .....                  (boots unavailable)
Stlth    ++........             (no amulet)
HPRegen  1.19/turn              c - +4 ring of evasion
MPRegen  0.09/turn              (no ring)

@: no status effects
A: large, unfitting armour, claws 3, regeneration 1, shaggy fur 1, tough skin 1
a: Evoke Invisibility


You were on level 7 of the Dungeon.
You visited 1 branch of the dungeon, and saw 5 of its levels.

You collected 154 gold pieces.

Inventory:

Missiles
 d - 2 throwing nets
 k - 4 javelins
 l - 53 stones (quivered)
 u - 5 poisoned darts
Armour
 a - a +0 robe (worn)
 i - a scarf of invisibility (worn)
Jewellery
 c - a +4 ring of evasion (left claw)
 x - an amulet of guardian spirit
Wands
 s - a wand of flame (14)
Scrolls
 b - a scroll of amnesia {unknown}
 g - 2 scrolls of immolation {unknown}
 h - 2 scrolls of teleportation {unknown}
 j - a scroll of acquirement {unknown}
 m - a scroll of magic mapping {unknown}
 o - a scroll of vulnerability {unknown}
 p - a scroll of enchant weapon {unknown}
 q - a scroll of silence {unknown}
 r - 2 scrolls of blinking {unknown}
 t - 4 scrolls of identify {unknown}
Potions
 e - a potion of flight {unknown}
 f - a potion of brilliance {unknown}
 n - 3 potions of curing {unknown}
 v - a potion of degeneration {unknown}
 w - a potion of heal wounds {unknown}
 z - a potion of attraction {unknown}


   Skills:
 - Level 2.4 Fighting
 + Level 4.0 Throwing
 - Level 2.4 Dodging
 - Level 1.0 Stealth
 + Level 6.0 Unarmed Combat


You had 5 spell levels left.
You didn't know any spells.
Your spell library contained the following spells:

 Spells                   Type           Power      Damage    Failure   Level
 Static Discharge         Conj/Air       0%         N/A       58%         2
 Call Canine Familiar     Summ           0%         N/A       83%         3
 Portal Projectile        Hex/Tloc       0%         N/A       83%         3
 Leda's Liquefaction      Hex/Erth       0%         N/A       99%         4
 Lightning Bolt           Conj/Air       0%         1d11      100%        5
 Maxwell's Capacitive Co  Air            0%         ∞         100%        8


Dungeon Overview and Level Annotations

Branches:
Dungeon (4/15)
 Temple: D:4-7

Altars:
Makhleb

Annotations:
D:7 Joseph


Innate Abilities, Weirdness & Mutations

You are too large for most types of armour.
You have claws for hands.
Your natural rate of healing is unusually fast.
You are covered in fur. (AC +1)
You have tough skin. (AC +1)


Message History

Joseph is lightly wounded.
You scratch Joseph.
Joseph is lightly wounded.
Joseph hits you with a +0 quarterstaff!
You claw Joseph!
Joseph is moderately wounded.
Joseph hits you with a +0 quarterstaff.
You claw Joseph!
Joseph is heavily wounded.
Joseph barely misses you.
You claw Joseph!
Joseph is heavily wounded.
Joseph hits you with a +0 quarterstaff.
You scratch Joseph but do no damage.
Joseph is heavily wounded.
Joseph hits you with a +0 quarterstaff!
* * * LOW HITPOINT WARNING * * *
You scratch Joseph but do no damage.
Joseph is heavily wounded.
Joseph completely misses you.
You claw Joseph!
Joseph is severely wounded.
Joseph closely misses you.
You barely miss Joseph.
Joseph is severely wounded.
Joseph barely misses you.
You barely miss Joseph.
Joseph is severely wounded.
Joseph hits you with a +0 quarterstaff!
* * * LOW HITPOINT WARNING * * *
You closely miss Joseph.
Joseph is severely wounded.
You closely miss Joseph.
Joseph is severely wounded.
Joseph hits you with a +0 quarterstaff!
* * * LOW HITPOINT WARNING * * *
You claw Joseph!
Joseph is severely wounded.
Joseph hits you with a +0 quarterstaff!
You die...

..# #.# .
##.# ...
...
....##.###
#.....#
#..# #..#
#@.#
#...@..#
#....#.##
#...#.#.#
... . ..#
#. .# ..#
. .. ...
## ...#


You could see Joseph.

Vanquished Creatures
  An ogre (D:4)
  A jelly (D:3)
  A gnoll shaman (D:4)
  A hound (D:4)
  A hound skeleton (D:3)
  11 gnolls
  3 adders
  2 ufetubi (D:4)
  2 dart slugs
  11 bats
  7 endoplasms
  10 giant cockroaches
  9 hobgoblins
  13 jackals
  7 kobolds
  4 quokkas
  5 ball pythons
  A frilled lizard (D:3)
  5 goblins
  4 rats
99 creatures vanquished.

Notes
Turn   | Place    | Note
-------+----------+-------------------------------------------
     0 | D:1      | Gwenloh the Troll Monk began the quest for the Orb.
     0 | D:1      | Reached XP level 1. HP: 22/22 MP: 0/0
   204 | D:1      | Found a faded altar of an unknown god.
   260 | D:1      | Reached XP level 2. HP: 29/29 MP: 1/1
   801 | D:1      | Reached skill level 4 in Unarmed Combat
  1198 | D:2      | Reached skill level 1 in Throwing
  1198 | D:2      | Reached XP level 3. HP: 36/36 MP: 2/2
  1996 | D:3      | Reached XP level 4. HP: 44/44 MP: 3/3
  2126 | D:3      | Found a burning altar of Makhleb.
  2408 | D:3      | Reached XP level 5. HP: 50/50 MP: 4/4
  2566 | D:3      | Reached skill level 5 in Unarmed Combat
  3072 | D:4      | Noticed an ogre
  3079 | D:4      | Killed an ogre
  3080 | D:4      | Reached XP level 6. HP: 59/59 MP: 5/5
  3382 | D:4      | Reached skill level 6 in Unarmed Combat
  3446 | D:4      | You fall into a shaft and drop 3 floors!
  3446 | D:7      | Noticed Joseph
  3461 | D:7      | Mangled by Joseph

Illustrated notes

Levels and vault maps discovered:
D:1:      minmay_arrival_four_houses, layout_basic,
          dreamdust_ecumenical_altar_grove, st_stairs_7, serial_park_tiny_1,
          minmay_misc_feat_rows
D:2:      layout_loops_ring, serial_park_tiny_1
D:3:      minmay_roachtagon, layout_basic, general_overflow_altar,
          grunt_ministairs_14
D:4:      layout_loops_cross
D:7:      layout_basic, chequers_avenue, uniq_joseph

Skill      XL: |  1  2  3  4  5  6 |
---------------+-------------------+-----
Unarmed Combat | 4 5 6 |  6.0
Throwing       | 1 2 3 4 |  4.0
Fighting       | |  2.4
Dodging        | |  2.4
Stealth        | |  1.0

Action                   |  1- 3 |  4- 6 || total
-------------------------+-------+-------++-------
Melee: Unarmed           |   124 |   125 ||   249
       Punch             |     2 |     4 ||     6
Throw: Stone             |   102 |   119 ||   221
Armor: Robe              |    22 |    18 ||    40
Dodge: Dodged            |    85 |    92 ||   177

Table legend: (Time is in decaauts)
 A = Elapsed time spent in this place.
 B = Non-inter-level travel time spent in this place.
 C = Inter-level travel time spent in this place.
 D = Time resting spent in this place.
 E = Time spent auto-exploring this place.
 F = Levels seen in this place.
 G = Mean time per level.
                   A        B        C        D        E       F      G
               +--------+--------+--------+--------+--------+-----+--------+
         Total |   3438 |   3302 |    136 |      0 |   2611 |   5 |  687.6 |
       Dungeon |   3438 |   3302 |    136 |      0 |   2611 |   5 |  687.6 |
               +--------+--------+--------+--------+--------+-----+--------+

Top non-repeatable levels by time:
     D:1: 1192 daAuts
     D:3: 954 daAuts
     D:2: 716 daAuts
     D:4: 562 daAuts
     D:7: 13 daAuts
